Capitals vs Sharks

Created - 24 avril 2016 at 08:19

Goals
1 2 3 T
Capitals 0 1 1 2
Sharks 0 3 2 5
Shots
1 2 3 T
Capitals 13 10 14 37
Sharks 11 14 11 36

1st period

No Goal

Penalties :
Alexander Radulov (SJS) for Hooking (Minor) at 2:00, Patrik Elias (Was) for Roughing (Minor) at 11:07

2nd period

1. Capitals , Pavel Datsyuk 42 (Johan Franzen) at 10:36 (PP)
2. Sharks , Antoine Vermette 26 (Markus Naslund, Alexander Radulov) at 18:28
3. Sharks , Brad Boyes 28 (David Legwand) at 18:32
4. Sharks , Cal Clutterbuck 3 (Jay Bouwmeester) at 19:33

Penalties :
Brent Seabrook (Was) for Interference (Minor) at 0:11, Oskar Osala (SJS) for Interference (Minor) at 4:38, Jason Allison (SJS) for Holding Stick (Minor) at 9:58, Patrik Elias (Was) for Holding (Minor) at 19:47

3rd period

5. Sharks , Derek Boogaard 28 (Mike Green, David Legwand) at 11:46 (PP)
6. Capitals , Mark Streit 7 (Pavel Datsyuk, Thomas Vanek) at 14:24 (PP)
7. Sharks , David Legwand 32 (Mike Green) at 14:32

Penalties :
Mike Green (SJS) for Roughing (Minor) at 3:57, Keith Yandle (Was) for Hooking (Minor) at 10:39, Cal Clutterbuck (SJS) for Roughing (Minor) at 14:09, Antoine Vermette (SJS) for Hooking (Minor) at 19:45

Goalie Stats

Jaroslav Halak (Was), 31 saves from 36 shots - (0,861), L, 35-29-7, 60:00 minutes
Mike Brodeur (SJS), 35 saves from 37 shots - (0,946), W, 21-20-9, 60:00 minutes

Players Stats for Capitals

Player Name              G  A  P  +/- PIM S  H  SB GA TA FO     MP     PP MP  PK MP  
------------------------------------------------------------------------------------
Brad Richards            0  0  0   0  0   3  2  4  0  0  6/12   19:06   2:36   4:48 
Brent Seabrook           0  0  0  -4  2   3  2  4  0  1  0/0    27:35   4:38   3:35 
Brian Campbell           0  0  0   0  0   1  2  4  1  0  0/0    19:18   2:26   2:53 
Carl Hagelin             0  0  0   0  0   0  0  0  0  0  0/1     8:47   0:00   0:00 
David Krejci             0  0  0   0  0   4  1  1  0  0  0/1     8:47   0:00   0:00 
Jakub Voracek            0  0  0  -4  0   2  2  1  0  0  1/2    17:33   2:36   0:00 
James Neal               0  0  0   0  0   0  2  1  0  0  0/0    10:42   0:00   0:15 
Johan Franzen            0  1  1   0  0   4  2  0  0  0  0/0    17:31   4:28   1:52 
Keith Yandle             0  0  0   0  2   1  0  2  0  0  0/0    13:05   0:00   0:36 
Marek Zidlicky           0  0  0   0  0   0  0  4  1  1  0/0    19:18   2:26   2:53 
Mark Giordano            0  0  0   0  0   1  2  1  0  0  0/0    12:30   0:00   0:00 
Mark Streit              1  0  1  -4  0   2  1  1  0  1  0/0    28:12   4:38   4:11 
Mikael Samuelsson        0  0  0   0  0   0  0  0  0  0  0/0     9:37   0:00   0:30 
Patrik Elias             0  0  0   0  4   2  2  2  0  1  0/0    14:20   2:36   0:00 
Pavel Datsyuk            1  1  2  -4  0   4  0  3  1  0  19/40  24:26   4:28   4:48 
Ryan Callahan            0  0  0   0  0   4  0  0  0  0  0/0    10:23   0:00   0:00 
Thomas Vanek             0  1  1  -4  0   5  1  1  1  1  3/4    21:16   4:28   1:52 
Tyler Johnson            0  0  0   0  0   1  0  0  0  1  2/3    10:26   0:00   0:03 

Players Stats for Sharks

Player Name              G  A  P  +/- PIM S  H  SB GA TA FO     MP     PP MP  PK MP  
------------------------------------------------------------------------------------
Alexander Radulov        0  1  1   1  2   3  0  1  0  0  0/1    13:59   1:56   0:00 
Antoine Vermette         1  0  1   1  2   4  3  0  0  0  6/12   17:53   1:56   3:54 
Brad Boyes               1  0  1   2  0   4  2  0  1  0  0/1    21:05   5:01   1:35 
Cal Clutterbuck          1  0  1   1  2   4  1  0  0  0  0/0    11:25   0:00   1:07 
David Legwand            1  2  3   2  0   6  1  0  0  0  22/45  23:45   5:01   4:08 
Derek Boogaard           1  0  1   2  0   3  2  0  0  0  1/1    21:48   4:57   2:25 
Jason Allison            0  0  0   1  2   0  1  0  0  0  2/2    11:01   0:11   0:28 
Jay Bouwmeester          0  1  1   2  0   0  3  1  0  0  0/0    27:11   3:56   4:51 
Kevin Shattenkirk        0  0  0   1  0   1  0  0  0  0  0/0    14:19   0:00   1:11 
Kim Johnsson             0  0  0   1  0   1  0  2  0  0  0/0    13:25   0:00   0:02 
Markus Naslund           0  1  1   1  0   3  4  0  0  0  0/0    14:25   1:56   0:31 
Martin Erat              0  0  0   0  0   0  0  0  0  0  1/1     9:06   0:07   0:00 
Michal Rozsival          0  0  0   1  0   2  0  0  1  1  0/0    19:27   3:08   2:13 
Mike Green               0  2  2   2  2   2  4  0  3  1  0/0    26:14   3:56   3:40 
Oskar Osala              0  0  0   1  2   3  0  0  0  0  0/0    10:18   0:00   0:00 
Steve McCarthy           0  0  0   1  0   0  0  1  1  1  0/0    19:24   3:08   2:11 
T.J. Hensick             0  0  0   0  0   0  1  0  0  0  0/0     9:06   0:07   0:00 
Troy Brouwer             0  0  0   0  0   0  1  0  0  1  0/0     8:59   0:00   0:00 

3 Stars

1 - David Legwand (SJS)
2 - Brad Boyes (SJS)
3 - Derek Boogaard (SJS)

Power Play

Capitals - 2 on 6 Attempt(s) - 33,33%
Sharks - 1 on 4 Attempt(s) - 25,00%

Penalty Kill

Capitals - 3 on 4 Attempt(s) - 75,00% - Score 0 goal in Penalty Kill
Sharks - 4 on 6 Attempt(s) - 66,67% - Score 0 goal in Penalty Kill

Team Stat

Capitals - Hits : 19 - Faceoff Wins : 31 - Blocked Shots : 29 - Penalty Minutes : 8
Sharks - Hits : 23 - Faceoff Wins : 32 - Blocked Shots : 5 - Penalty Minutes : 12

Official

Referees : Leggo Mike and VanMassenhoven Don
Linesman : Steve Miller and Vaughan Rody

Game Notes

No Game Note

Finance

Level 1 -- Attendance: 4775 (79,58%) -- Ticket Income 429 750 $
Level 2 -- Attendance: 3283 (65,66%) -- Ticket Income 196 980 $
Level 3 -- Attendance: 1366 (68,30%) -- Ticket Income 54 640 $
Level 4 -- Attendance: 3777 (94,43%) -- Ticket Income 75 540 $
Luxury Box -- Attendance: 690 (69,00%) -- Ticket Income 124 200 $
Game was played at the Hockey Place Center.
Total Attendance: 13891 (77,17%)
Total Ticket Income: 881 110 $
Other Income: 132 166 $
Total Income: 1 013 276 $

Capitals

5 vs 5 Forward 
   Center                   Left Wing                Right Wing               Time % Phy DF OF 
 1 Pavel Datsyuk            Thomas Vanek             Jakub Voracek            40     1   2  2  
 2 Brad Richards            Patrik Elias             Johan Franzen            30     1   2  2  
 3 Tyler Johnson            James Neal               Ryan Callahan            20     1   2  2  
 4 David Krejci             Carl Hagelin             Mikael Samuelsson        10     1   2  2  

5 vs 5 Defense 
   Defense                  Defense                                           Time % Phy DF OF 
 1 Brent Seabrook           Mark Streit                                       40     1   2  2  
 2 Brian Campbell           Marek Zidlicky                                    30     1   2  2  
 3 Mark Giordano            Keith Yandle                                      20     1   2  2  
 4 Brent Seabrook           Mark Streit                                       10     1   2  2  

PowerPlay Forward 
   Center                   Left Wing                Right Wing               Time % Phy DF OF 
 1 Pavel Datsyuk            Thomas Vanek             Johan Franzen            60     1   2  2  
 2 Brad Richards            Patrik Elias             Jakub Voracek            40     1   2  2  

PowerPlay Defense
   Defense                  Defense                                           Time % Phy DF OF 
 1 Brent Seabrook           Mark Streit                                       60     1   2  2  
 2 Brian Campbell           Marek Zidlicky                                    40     1   2  2  

Penalty Kill 4 Players Forward 
   Center                   Wing                     Time % Phy DF OF 
 1 Pavel Datsyuk            Brad Richards            60     1   2  2  
 2 Thomas Vanek             Johan Franzen            40     1   2  2  

Penalty Kill 4 Players Defense
   Defense                  Defense                  Time % Phy DF OF 
 1 Brent Seabrook           Mark Streit              60     1   2  2  
 2 Brian Campbell           Marek Zidlicky           40     1   2  2  

Penalty Kill - 3 Players Forward 
   Forward                                           Time % Phy DF OF 
 1 Pavel Datsyuk                                     60     1   2  2  
 2 Brad Richards                                     40     1   2  2  

Penalty Kill - 3 Players Defense
   Defense                  Defense                  Time % Phy DF OF 
 1 Brent Seabrook           Mark Streit              60     1   2  2  
 2 Brian Campbell           Marek Zidlicky           40     1   2  2  

4 vs 4 Forward 
   Center                   Wing                     Time % Phy DF OF 
 1 Pavel Datsyuk            Brad Richards            60     1   2  2  
 2 Thomas Vanek             Johan Franzen            40     1   2  2  

4 vs 4 Defense
   Defense                  Defense                  Time % Phy DF OF 
 1 Brent Seabrook           Mark Streit              60     1   2  2  
 2 Brian Campbell           Marek Zidlicky           40     1   2  2  

Last Minutes Offensive
   Center                   Left Wing                Right Wing               Defense                  Defense                  
   Pavel Datsyuk            Thomas Vanek             Johan Franzen            Brent Seabrook           Mark Streit              

Last Minutes Defensive
   Center                   Left Wing                Right Wing               Defense                  Defense                  
   Pavel Datsyuk            Thomas Vanek             Johan Franzen            Brent Seabrook           Mark Streit              

Goaltenders
Starting : Jaroslav Halak           
Backup : Corey Crawford           

Extra Forwards
Normal : James Neal, Jakub Voracek, Mikael Samuelsson - PP : James Neal, Jakub Voracek - PK : Mikael Samuelsson
Extra Defensemen
Normal : Mark Giordano, Keith Yandle, Brian Campbell - PP : Mark Giordano - PK : Keith Yandle, Brian Campbell
Penalty Shots
Pavel Datsyuk, Brad Richards, Thomas Vanek, Johan Franzen, Patrik Elias

Sharks

5 vs 5 Forward 
   Center                   Left Wing                Right Wing               Time % Phy DF OF 
 1 David Legwand            Derek Boogaard           Brad Boyes               40     3   0  2  
 2 Antoine Vermette         Markus Naslund           Alexander Radulov        30     3   0  2  
 3 Jason Allison            Oskar Osala              Cal Clutterbuck          20     3   2  0  
 4 T.J. Hensick             Troy Brouwer             Martin Erat              10     3   2  0  

5 vs 5 Defense 
   Defense                  Defense                                           Time % Phy DF OF 
 1 Mike Green               Jay Bouwmeester                                   40     3   1  1  
 2 Michal Rozsival          Steve McCarthy                                    30     3   1  1  
 3 Kim Johnsson             Kevin Shattenkirk                                 20     3   2  0  
 4 Mike Green               Jay Bouwmeester                                   10     3   2  0  

PowerPlay Forward 
   Center                   Left Wing                Right Wing               Time % Phy DF OF 
 1 David Legwand            Derek Boogaard           Brad Boyes               60     3   0  2  
 2 Antoine Vermette         Markus Naslund           Alexander Radulov        40     3   0  2  

PowerPlay Defense
   Defense                  Defense                                           Time % Phy DF OF 
 1 Mike Green               Jay Bouwmeester                                   60     3   0  2  
 2 Michal Rozsival          Steve McCarthy                                    40     3   0  2  

Penalty Kill 4 Players Forward 
   Center                   Wing                     Time % Phy DF OF 
 1 David Legwand            Antoine Vermette         60     3   2  0  
 2 Brad Boyes               Derek Boogaard           40     3   2  0  

Penalty Kill 4 Players Defense
   Defense                  Defense                  Time % Phy DF OF 
 1 Mike Green               Jay Bouwmeester          60     3   2  0  
 2 Michal Rozsival          Steve McCarthy           40     3   2  0  

Penalty Kill - 3 Players Forward 
   Forward                                           Time % Phy DF OF 
 1 David Legwand                                     60     2   3  0  
 2 Antoine Vermette                                  40     2   3  0  

Penalty Kill - 3 Players Defense
   Defense                  Defense                  Time % Phy DF OF 
 1 Mike Green               Jay Bouwmeester          60     2   3  0  
 2 Michal Rozsival          Steve McCarthy           40     2   3  0  

4 vs 4 Forward 
   Center                   Wing                     Time % Phy DF OF 
 1 David Legwand            Antoine Vermette         60     3   0  2  
 2 Brad Boyes               Derek Boogaard           40     3   0  2  

4 vs 4 Defense
   Defense                  Defense                  Time % Phy DF OF 
 1 Mike Green               Jay Bouwmeester          60     3   1  1  
 2 Michal Rozsival          Steve McCarthy           40     3   1  1  

Last Minutes Offensive
   Center                   Left Wing                Right Wing               Defense                  Defense                  
   David Legwand            Derek Boogaard           Brad Boyes               Mike Green               Jay Bouwmeester          

Last Minutes Defensive
   Center                   Left Wing                Right Wing               Defense                  Defense                  
   David Legwand            Derek Boogaard           Brad Boyes               Mike Green               Jay Bouwmeester          

Goaltenders
Starting : Mike Brodeur             
Backup : Dan Ellis                

Extra Forwards
Normal : Jason Allison, T.J. Hensick, Cal Clutterbuck - PP : Jason Allison, T.J. Hensick - PK : Cal Clutterbuck
Extra Defensemen
Normal : Kim Johnsson, Kevin Shattenkirk, Michal Rozsival - PP : Kim Johnsson - PK : Kevin Shattenkirk, Michal Rozsival
Penalty Shots
David Legwand, Antoine Vermette, Brad Boyes, Derek Boogaard, Jason Allison

% Time on Ice - Capitals

Lines # - Real PCT - Wanted PCT - Time Play
Normal Forward
1 - 34% - 40% - 15:30
2 - 24% - 30% - 11:12
3 - 23% - 20% - 10:23
4 - 19% - 10% - 8:47
Normal Defense
1 - 40% - 40% - 18:24
2 - 30% - 30% - 13:59
3 - 27% - 20% - 12:30
4 - 2% - 10% - 0:59
PP Forward
1 - 63% - 60% - 4:28
2 - 37% - 40% - 2:36
PP Defense
1 - 66% - 60% - 4:38
2 - 34% - 40% - 2:26
PK Forward
1 - 74% - 60% - 5:12
2 - 26% - 40% - 1:52
PK Defense
1 - 59% - 60% - 4:11
2 - 41% - 40% - 2:53
PK3 Forward
1 - 0% - 60%
2 - 0% - 40%
PK3 Defense
1 - 0% - 60%
2 - 0% - 40%
44 Forward
1 - 0% - 60%
2 - 0% - 40%
44 Defense
1 - 0% - 60%
2 - 0% - 40%
Last Minute Offensive  - 0:00
Last Minute Defensive  - 0:00
Total
Forward - 60:00
Defense - 60:00

% Time on Ice - Sharks

Lines # - Real PCT - Wanted PCT - Time Play
Normal Forward
1 - 32% - 40% - 14:37
2 - 26% - 30% - 11:57
3 - 22% - 20% - 10:19
4 - 20% - 10% - 8:59
Normal Defense
1 - 39% - 40% - 18:00
2 - 31% - 30% - 14:05
3 - 29% - 20% - 13:08
4 - 1% - 10% - 0:39
PP Forward
1 - 73% - 60% - 5:08
2 - 27% - 40% - 1:56
PP Defense
1 - 56% - 60% - 3:56
2 - 44% - 40% - 3:08
PK Forward
1 - 78% - 60% - 5:29
2 - 22% - 40% - 1:35
PK Defense
1 - 69% - 60% - 4:53
2 - 31% - 40% - 2:11
PK3 Forward
1 - 0% - 60%
2 - 0% - 40%
PK3 Defense
1 - 0% - 60%
2 - 0% - 40%
44 Forward
1 - 0% - 60%
2 - 0% - 40%
44 Defense
1 - 0% - 60%
2 - 0% - 40%
Last Minute Offensive  - 0:00
Last Minute Defensive  - 0:00
Total
Forward - 60:00
Defense - 60:00

Play by Play

1st period


0:01 of 1st period - Pavel Datsyuk wins face-off versus David Legwand in neutral zone.
0:49 of 1st period - Mike Green is hit by David Krejci and loses puck.
1:12 of 1st period - Snap shot by Troy Brouwer.
1:12 of 1st period - Shot Misses the Net.
1:14 of 1st period - Slapshot by Michal Rozsival.
1:14 of 1st period - Shot Misses the Net.
1:16 of 1st period - Slapshot by Michal Rozsival.
1:16 of 1st period - Shot Misses the Net.
1:36 of 1st period - Snap shot by Thomas Vanek.
1:36 of 1st period - Stopped by Mike Brodeur with a rebound.
1:38 of 1st period - Snap shot by Jakub Voracek.
1:38 of 1st period - Stopped by Mike Brodeur without a rebound.
1:39 of 1st period - Brad Richards wins face-off versus Antoine Vermette in Sharks zone.
1:52 of 1st period - Wrist shot by Brad Richards.
1:52 of 1st period - Deflect By Johan Franzen.
1:52 of 1st period - Stopped by Mike Brodeur with a rebound.
1:54 of 1st period - Wrist shot by Johan Franzen.
1:54 of 1st period - Stopped by Mike Brodeur with a rebound.
2:00 of 1st period - Minor Penalty to Alexander Radulov for Hooking.
2:01 of 1st period - David Legwand wins face-off versus Pavel Datsyuk in Sharks zone.
2:14 of 1st period - Slapshot by Thomas Vanek.
2:14 of 1st period - Stopped by Mike Brodeur without a rebound.
2:15 of 1st period - David Legwand wins face-off versus Pavel Datsyuk in Sharks zone.
2:40 of 1st period - Brad Richards is hit by Mike Green and loses puck.
2:53 of 1st period - Mike Green is hit by Jakub Voracek and loses puck.
4:00 of 1st period - Penalty to Alexander Radulov is over, Alexander Radulov is back on ice.
5:18 of 1st period - Wrist shot by Thomas Vanek.
5:18 of 1st period - Shot Misses the Net.
5:30 of 1st period - Slapshot by Mike Green.
5:30 of 1st period - Shot Misses the Net.
6:28 of 1st period - Jason Allison is hit by Patrik Elias and loses puck.
6:32 of 1st period - Icing by Oskar Osala.
6:33 of 1st period - Jason Allison wins face-off versus Brad Richards in Sharks zone.
6:42 of 1st period - Wrist shot by Cal Clutterbuck.
6:42 of 1st period - Shot Misses the Net.
6:44 of 1st period - Slapshot by Michal Rozsival.
6:44 of 1st period - Shot Blocked by Patrik Elias.
7:02 of 1st period - Kim Johnsson is hit by Mark Giordano and loses puck.
7:09 of 1st period - Brad Richards is hit by Cal Clutterbuck and loses puck.
7:18 of 1st period - Wrist shot by Brad Richards.
7:18 of 1st period - Stopped by Mike Brodeur with a rebound.
7:33 of 1st period - Off-side.
7:34 of 1st period - Derek Boogaard wins face-off versus Pavel Datsyuk in neutral zone.
7:49 of 1st period - Wrist shot by Thomas Vanek.
7:49 of 1st period - Shot Misses the Net.
8:05 of 1st period - Markus Naslund is hit by Brent Seabrook and loses puck.
8:28 of 1st period - Snap shot by Troy Brouwer.
8:28 of 1st period - Shot Misses the Net.
8:40 of 1st period - Thomas Vanek is hit by Brad Boyes and loses puck.
10:09 of 1st period - T.J. Hensick is hit by Jakub Voracek and loses puck.
10:46 of 1st period - Snap shot by Ryan Callahan.
10:46 of 1st period - Shot Blocked by Steve McCarthy.
10:48 of 1st period - Slapshot by Marek Zidlicky.
10:48 of 1st period - Deflect By Tyler Johnson.
10:48 of 1st period - Stopped by Mike Brodeur without a rebound.
10:49 of 1st period - Antoine Vermette wins face-off versus Pavel Datsyuk in Sharks zone.
11:02 of 1st period - Slapshot by Alexander Radulov.
11:02 of 1st period - Shot Misses the Net.
11:04 of 1st period - Snap shot by Alexander Radulov.
11:04 of 1st period - Stopped by Jaroslav Halak without a rebound.
11:05 of 1st period - Brad Richards wins face-off versus David Legwand in Capitals zone.
11:07 of 1st period - Minor Penalty to Patrik Elias for Roughing.
11:08 of 1st period - David Legwand wins face-off versus Pavel Datsyuk in Capitals zone.
11:45 of 1st period - Michal Rozsival is hit by Mark Streit and loses puck.
13:07 of 1st period - Penalty to Patrik Elias is over, Patrik Elias is back on ice.
13:24 of 1st period - Kim Johnsson is hit by James Neal and loses puck.
13:35 of 1st period - Snap shot by Cal Clutterbuck.
13:35 of 1st period - Shot Blocked by David Krejci.
13:37 of 1st period - Slapshot by Kevin Shattenkirk.
13:37 of 1st period - Shot Blocked by Mark Giordano.
13:39 of 1st period - Wrist shot by Oskar Osala.
13:39 of 1st period - Stopped by Jaroslav Halak with a rebound.
13:45 of 1st period - Backhand shot by Kevin Shattenkirk.
13:45 of 1st period - Stopped by Jaroslav Halak without a rebound.
13:46 of 1st period - Antoine Vermette wins face-off versus Pavel Datsyuk in Capitals zone.
13:53 of 1st period - Wrist shot by Alexander Radulov.
13:53 of 1st period - Shot Misses the Net.
13:55 of 1st period - Wrist shot by Michal Rozsival.
13:55 of 1st period - Stopped by Jaroslav Halak with a rebound.
14:13 of 1st period - Wrist shot by Oskar Osala.
14:13 of 1st period - Stopped by Jaroslav Halak with a rebound.
14:15 of 1st period - Snap shot by Cal Clutterbuck.
14:15 of 1st period - Deflect By Oskar Osala.
14:15 of 1st period - Stopped by Jaroslav Halak without a rebound.
14:16 of 1st period - Pavel Datsyuk wins face-off versus David Legwand in Capitals zone.
14:48 of 1st period - Wrist shot by Antoine Vermette.
14:48 of 1st period - Shot Misses the Net.
14:50 of 1st period - Slapshot by Kim Johnsson.
14:50 of 1st period - Stopped by Jaroslav Halak without a rebound.
14:51 of 1st period - Brad Richards wins face-off versus David Legwand in Capitals zone.
14:53 of 1st period - Icing by Patrik Elias.
14:54 of 1st period - Brad Richards wins face-off versus David Legwand in Capitals zone.
15:05 of 1st period - Wrist shot by David Legwand.
15:05 of 1st period - Stopped by Jaroslav Halak without a rebound.
15:06 of 1st period - David Legwand wins face-off versus Thomas Vanek in Capitals zone.
15:13 of 1st period - Wrist shot by Derek Boogaard.
15:13 of 1st period - Shot Blocked by Pavel Datsyuk.
15:22 of 1st period - Off-side.
15:23 of 1st period - Antoine Vermette wins face-off versus Brad Richards in neutral zone.
15:28 of 1st period - Johan Franzen is hit by Mike Green and loses puck.
15:55 of 1st period - Mike Green is hit by Thomas Vanek and loses puck.
16:14 of 1st period - Snap shot by Mike Green.
16:14 of 1st period - Shot Misses the Net.
16:16 of 1st period - Slapshot by Mike Green.
16:16 of 1st period - Shot Blocked by Marek Zidlicky.
16:34 of 1st period - Snap shot by Marek Zidlicky.
16:34 of 1st period - Deflect By David Krejci.
16:34 of 1st period - Stopped by Mike Brodeur with a rebound.
16:54 of 1st period - Wrist shot by Thomas Vanek.
16:54 of 1st period - Shot Misses the Net.
16:56 of 1st period - Wrist shot by Thomas Vanek.
16:56 of 1st period - Stopped by Mike Brodeur with a rebound.
16:58 of 1st period - Slapshot by Mark Giordano.
16:58 of 1st period - Shot Misses the Net.
17:18 of 1st period - Backhand shot by Johan Franzen.
17:18 of 1st period - Shot Blocked by Alexander Radulov.
17:20 of 1st period - Wrist shot by Patrik Elias.
17:20 of 1st period - Stopped by Mike Brodeur with a rebound.
17:22 of 1st period - Slapshot by Keith Yandle.
17:22 of 1st period - Stopped by Mike Brodeur without a rebound.
17:23 of 1st period - David Legwand wins face-off versus Pavel Datsyuk in Sharks zone.
17:30 of 1st period - Slapshot by David Legwand.
17:30 of 1st period - Stopped by Jaroslav Halak without a rebound.
17:31 of 1st period - Pavel Datsyuk wins face-off versus Brad Boyes in Capitals zone.
17:55 of 1st period - Wrist shot by Thomas Vanek.
17:55 of 1st period - Shot Misses the Net.
18:01 of 1st period - Snap shot by David Legwand.
18:01 of 1st period - Shot Blocked by Brent Seabrook.
18:03 of 1st period - Snap shot by David Legwand.
18:03 of 1st period - Shot Blocked by Brent Seabrook.
18:05 of 1st period - Wrist shot by David Legwand.
18:05 of 1st period - Shot Blocked by Thomas Vanek.
18:11 of 1st period - Wrist shot by David Legwand.
18:11 of 1st period - Stopped by Jaroslav Halak without a rebound.
18:12 of 1st period - Brad Richards wins face-off versus Antoine Vermette in Capitals zone.
19:20 of 1st period - Slapshot by Jay Bouwmeester.
19:20 of 1st period - Shot Blocked by Pavel Datsyuk.
19:44 of 1st period - Snap shot by Johan Franzen.
19:44 of 1st period - Stopped by Mike Brodeur with a rebound.
19:46 of 1st period - Snap shot by Brad Richards.
19:46 of 1st period - Stopped by Mike Brodeur without a rebound.
19:47 of 1st period - David Legwand wins face-off versus Brad Richards in Sharks zone.
19:56 of 1st period - Wrist shot by Derek Boogaard.
19:56 of 1st period - Shot Blocked by Patrik Elias.
19:58 of 1st period - Wrist shot by Brad Boyes.
19:58 of 1st period - Deflect By Derek Boogaard.
19:58 of 1st period - Stopped by Jaroslav Halak with a rebound.
Goals for this period are 0 for Capitals vs 0 for Sharks.
Shots for this period are 13 for Capitals vs 11 for Sharks.

2nd period


0:01 of 2nd period - David Legwand wins face-off versus Pavel Datsyuk in neutral zone.
0:11 of 2nd period - Minor Penalty to Brent Seabrook for Interference.
0:12 of 2nd period - Pavel Datsyuk wins face-off versus David Legwand in Capitals zone.
0:16 of 2nd period - Slapshot by David Legwand.
0:16 of 2nd period - Stopped by Jaroslav Halak with a rebound.
0:45 of 2nd period - Wrist shot by Markus Naslund.
0:45 of 2nd period - Stopped by Jaroslav Halak with a rebound.
0:47 of 2nd period - Snap shot by Alexander Radulov.
0:47 of 2nd period - Stopped by Jaroslav Halak without a rebound.
0:48 of 2nd period - Thomas Vanek wins face-off versus David Legwand in Capitals zone.
0:57 of 2nd period - Wrist shot by Pavel Datsyuk.
0:57 of 2nd period - Shot Misses the Net.
1:11 of 2nd period - Marek Zidlicky is hit by David Legwand and loses puck.
1:30 of 2nd period - Wrist shot by David Legwand.
1:30 of 2nd period - Shot Blocked by Brad Richards.
1:42 of 2nd period - Snap shot by Brad Boyes.
1:42 of 2nd period - Shot Blocked by Marek Zidlicky.
1:52 of 2nd period - Snap shot by David Legwand.
1:52 of 2nd period - Shot Blocked by Brad Richards.
2:06 of 2nd period - Snap shot by Derek Boogaard.
2:06 of 2nd period - Shot Blocked by Brad Richards.
2:08 of 2nd period - Wrist shot by Brad Boyes.
2:08 of 2nd period - Shot Blocked by Brian Campbell.
2:10 of 2nd period - Slapshot by Michal Rozsival.
2:10 of 2nd period - Deflect By Derek Boogaard.
2:10 of 2nd period - Shot Misses the Net.
2:10 of 2nd period - Puck is out of play.
2:11 of 2nd period - Penalty to Brent Seabrook is over, Brent Seabrook is back on ice.
2:11 of 2nd period - Tyler Johnson wins face-off versus Antoine Vermette in Capitals zone.
2:27 of 2nd period - Snap shot by Antoine Vermette.
2:27 of 2nd period - Deflect By Ryan Callahan.
2:27 of 2nd period - Stopped by Jaroslav Halak without a rebound.
2:28 of 2nd period - Jason Allison wins face-off versus David Krejci in Capitals zone.
2:53 of 2nd period - Brent Seabrook is hit by Antoine Vermette and loses puck.
3:35 of 2nd period - Wrist shot by Cal Clutterbuck.
3:35 of 2nd period - Stopped by Jaroslav Halak with a rebound.
4:16 of 2nd period - Steve McCarthy is hit by Mark Giordano and loses puck.
4:38 of 2nd period - Minor Penalty to Oskar Osala for Interference.
4:39 of 2nd period - Pavel Datsyuk wins face-off versus David Legwand in Sharks zone.
4:57 of 2nd period - Thomas Vanek is hit by Antoine Vermette and loses puck.
5:04 of 2nd period - Brent Seabrook is hit by Jay Bouwmeester.
5:18 of 2nd period - Snap shot by Patrik Elias.
5:18 of 2nd period - Shot Misses the Net.
5:28 of 2nd period - Wrist shot by Brad Boyes.
5:28 of 2nd period - Shot Misses the Net.
5:30 of 2nd period - Wrist shot by Mike Green.
5:30 of 2nd period - Deflect By Brent Seabrook.
5:30 of 2nd period - Stopped by Jaroslav Halak with a rebound.
6:00 of 2nd period - Steve McCarthy is hit by Johan Franzen and loses puck.
6:19 of 2nd period - Derek Boogaard is hit by Brian Campbell and loses puck.
6:38 of 2nd period - Penalty to Oskar Osala is over, Oskar Osala is back on ice.
8:01 of 2nd period - Snap shot by Cal Clutterbuck.
8:01 of 2nd period - Stopped by Jaroslav Halak with a rebound.
8:13 of 2nd period - Oskar Osala is hit by Johan Franzen and loses puck.
8:56 of 2nd period - James Neal is hit by Markus Naslund and loses puck.
9:05 of 2nd period - James Neal is hit by Markus Naslund and loses puck.
9:13 of 2nd period - Icing by Brent Seabrook.
9:14 of 2nd period - David Legwand wins face-off versus Jakub Voracek in Capitals zone.
9:21 of 2nd period - Thomas Vanek is hit by Derek Boogaard and loses puck.
9:58 of 2nd period - Minor Penalty to Jason Allison for Holding Stick.
9:59 of 2nd period - David Legwand wins face-off versus Pavel Datsyuk in Sharks zone.
10:07 of 2nd period - Off-side.
10:08 of 2nd period - Pavel Datsyuk wins face-off versus David Legwand in neutral zone.
10:17 of 2nd period - Snap shot by Thomas Vanek.
10:17 of 2nd period - Shot Misses the Net.
10:19 of 2nd period - Snap shot by Johan Franzen.
10:19 of 2nd period - Stopped by Mike Brodeur with a rebound.
10:21 of 2nd period - Wrist shot by Brent Seabrook.
10:21 of 2nd period - Stopped by Mike Brodeur without a rebound.
10:22 of 2nd period - Pavel Datsyuk wins face-off versus David Legwand in Sharks zone.
10:32 of 2nd period - Off-side.
10:33 of 2nd period - Pavel Datsyuk wins face-off versus David Legwand in neutral zone.
10:36 of 2nd period - Snap shot by Pavel Datsyuk.
10:36 of 2nd period - Goal by Pavel Datsyuk - Capitals : 1 - Sharks : 0.
10:37 of 2nd period - Jakub Voracek wins face-off versus David Legwand in neutral zone.
10:40 of 2nd period - Snap shot by Thomas Vanek.
10:40 of 2nd period - Stopped by Mike Brodeur without a rebound.
10:41 of 2nd period - David Legwand wins face-off versus Pavel Datsyuk in Sharks zone.
10:48 of 2nd period - Snap shot by David Legwand.
10:48 of 2nd period - Stopped by Jaroslav Halak without a rebound.
10:49 of 2nd period - David Legwand wins face-off versus Pavel Datsyuk in Capitals zone.
10:56 of 2nd period - Slapshot by Brent Seabrook.
10:56 of 2nd period - Deflect By Thomas Vanek.
10:56 of 2nd period - Shot Misses the Net.
10:56 of 2nd period - Puck is out of play.
10:57 of 2nd period - David Legwand wins face-off versus Pavel Datsyuk in Sharks zone.
11:08 of 2nd period - Snap shot by Brad Boyes.
11:08 of 2nd period - Stopped by Jaroslav Halak without a rebound.
11:09 of 2nd period - Pavel Datsyuk wins face-off versus David Legwand in Capitals zone.
11:34 of 2nd period - Brad Richards is hit by Markus Naslund and loses puck.
11:39 of 2nd period - Wrist shot by Alexander Radulov.
11:39 of 2nd period - Shot Misses the Net.
12:05 of 2nd period - Slapshot by T.J. Hensick.
12:05 of 2nd period - Shot Hit the Post.
12:07 of 2nd period - Backhand shot by Kevin Shattenkirk.
12:07 of 2nd period - Deflect By Troy Brouwer.
12:07 of 2nd period - Shot Blocked by Brent Seabrook.
12:07 of 2nd period - Puck is out of play.
12:08 of 2nd period - Pavel Datsyuk wins face-off versus David Legwand in Capitals zone.
12:23 of 2nd period - Snap shot by Jakub Voracek.
12:23 of 2nd period - Shot Blocked by Kim Johnsson.
12:33 of 2nd period - Markus Naslund is hit by Brian Campbell and loses puck.
12:42 of 2nd period - Wrist shot by James Neal.
12:42 of 2nd period - Shot Misses the Net.
13:38 of 2nd period - Snap shot by Troy Brouwer.
13:38 of 2nd period - Shot Blocked by Brian Campbell.
13:40 of 2nd period - Snap shot by Mike Green.
13:40 of 2nd period - Deflect By Troy Brouwer.
13:40 of 2nd period - Shot Misses the Net.
13:40 of 2nd period - Puck is out of play.
13:41 of 2nd period - Martin Erat wins face-off versus Brad Richards in Capitals zone.
15:37 of 2nd period - Brian Campbell is hit by Troy Brouwer and loses puck.
16:10 of 2nd period - Snap shot by David Krejci.
16:10 of 2nd period - Stopped by Mike Brodeur without a rebound.
16:11 of 2nd period - David Legwand wins face-off versus Carl Hagelin in Sharks zone.
17:25 of 2nd period - Brad Boyes is hit by James Neal and loses puck.
17:40 of 2nd period - Jakub Voracek is hit by T.J. Hensick and loses puck.
17:59 of 2nd period - Mikael Samuelsson is hit by Jay Bouwmeester and loses puck.
18:04 of 2nd period - Snap shot by Antoine Vermette.
18:04 of 2nd period - Stopped by Jaroslav Halak without a rebound.
18:05 of 2nd period - Pavel Datsyuk wins face-off versus Antoine Vermette in Capitals zone.
18:28 of 2nd period - Snap shot by Antoine Vermette.
18:28 of 2nd period - Goal by Antoine Vermette - Capitals : 1 - Sharks : 1.
18:29 of 2nd period - David Legwand wins face-off versus Pavel Datsyuk in neutral zone.
18:32 of 2nd period - Snap shot by Brad Boyes.
18:32 of 2nd period - Goal by Brad Boyes - Capitals : 1 - Sharks : 2.
18:33 of 2nd period - David Legwand wins face-off versus Pavel Datsyuk in neutral zone.
18:33 of 2nd period - Brad Boyes is hit by Brent Seabrook and loses puck.
18:42 of 2nd period - Slapshot by Thomas Vanek.
18:42 of 2nd period - Stopped by Mike Brodeur with a rebound.
18:44 of 2nd period - Backhand shot by Brent Seabrook.
18:44 of 2nd period - Deflect By David Legwand.
18:44 of 2nd period - Stopped by Mike Brodeur with a rebound.
18:46 of 2nd period - Snap shot by Pavel Datsyuk.
18:46 of 2nd period - Stopped by Mike Brodeur without a rebound.
18:47 of 2nd period - Thomas Vanek wins face-off versus David Legwand in Sharks zone.
18:56 of 2nd period - Snap shot by Pavel Datsyuk.
18:56 of 2nd period - Stopped by Mike Brodeur with a rebound.
18:58 of 2nd period - Slapshot by Brent Seabrook.
18:58 of 2nd period - Stopped by Mike Brodeur without a rebound.
18:59 of 2nd period - David Legwand wins face-off versus Pavel Datsyuk in Sharks zone.
19:10 of 2nd period - Snap shot by David Legwand.
19:10 of 2nd period - Shot Blocked by Jakub Voracek.
19:12 of 2nd period - Slapshot by Brad Boyes.
19:12 of 2nd period - Shot Blocked by Mark Streit.
19:14 of 2nd period - Snap shot by David Legwand.
19:14 of 2nd period - Shot Hit the Post.
19:24 of 2nd period - Brent Seabrook is hit by Mike Green and loses puck.
19:33 of 2nd period - Backhand shot by Cal Clutterbuck.
19:33 of 2nd period - Goal by Cal Clutterbuck - Capitals : 1 - Sharks : 3.
19:34 of 2nd period - David Legwand wins face-off versus Brad Richards in neutral zone.
19:45 of 2nd period - Snap shot by Derek Boogaard.
19:45 of 2nd period - Shot Misses the Net.
19:47 of 2nd period - Minor Penalty to Patrik Elias for Holding.
19:48 of 2nd period - David Legwand wins face-off versus Pavel Datsyuk in Capitals zone.
19:49 of 2nd period - Slapshot by Derek Boogaard.
19:49 of 2nd period - Stopped by Jaroslav Halak without a rebound.
19:50 of 2nd period - Pavel Datsyuk wins face-off versus David Legwand in Capitals zone.
Goals for this period are 1 for Capitals vs 3 for Sharks.
Shots for this period are 10 for Capitals vs 14 for Sharks.

3rd period


0:01 of 3rd period - Pavel Datsyuk wins face-off versus David Legwand in neutral zone.
0:06 of 3rd period - Snap shot by Brad Richards.
0:06 of 3rd period - Stopped by Mike Brodeur with a rebound.
0:34 of 3rd period - Slapshot by Michal Rozsival.
0:34 of 3rd period - Shot Blocked by Brent Seabrook.
1:08 of 3rd period - Icing by Steve McCarthy.
1:09 of 3rd period - Thomas Vanek wins face-off versus Antoine Vermette in Sharks zone.
1:47 of 3rd period - Penalty to Patrik Elias is over, Patrik Elias is back on ice.
2:00 of 3rd period - Wrist shot by Brad Boyes.
2:00 of 3rd period - Shot Blocked by Brad Richards.
2:02 of 3rd period - Backhand shot by David Legwand.
2:02 of 3rd period - Shot Blocked by Brian Campbell.
2:04 of 3rd period - Slapshot by Jay Bouwmeester.
2:04 of 3rd period - Shot Misses the Net.
2:06 of 3rd period - Slapshot by Mike Green.
2:06 of 3rd period - Shot Blocked by Marek Zidlicky.
2:16 of 3rd period - Wrist shot by Brad Boyes.
2:16 of 3rd period - Stopped by Jaroslav Halak without a rebound.
2:17 of 3rd period - Tyler Johnson wins face-off versus Alexander Radulov in Capitals zone.
2:17 of 3rd period - Tyler Johnson is hit by Antoine Vermette.
2:23 of 3rd period - Snap shot by Alexander Radulov.
2:23 of 3rd period - Shot Blocked by James Neal.
2:25 of 3rd period - Wrist shot by Markus Naslund.
2:25 of 3rd period - Shot Blocked by Keith Yandle.
2:27 of 3rd period - Snap shot by Antoine Vermette.
2:27 of 3rd period - Shot Blocked by Keith Yandle.
2:29 of 3rd period - Snap shot by Markus Naslund.
2:29 of 3rd period - Shot Misses the Net.
2:50 of 3rd period - Snap shot by Steve McCarthy.
2:50 of 3rd period - Shot Misses the Net.
3:33 of 3rd period - Snap shot by Thomas Vanek.
3:33 of 3rd period - Shot Blocked by Kim Johnsson.
3:35 of 3rd period - Backhand shot by Jakub Voracek.
3:35 of 3rd period - Stopped by Mike Brodeur without a rebound.
3:36 of 3rd period - Pavel Datsyuk wins face-off versus Antoine Vermette in Sharks zone.
3:45 of 3rd period - Snap shot by Pavel Datsyuk.
3:45 of 3rd period - Stopped by Mike Brodeur with a rebound.
3:47 of 3rd period - Slapshot by Mark Streit.
3:47 of 3rd period - Stopped by Mike Brodeur without a rebound.
3:48 of 3rd period - Brad Richards wins face-off versus David Legwand in Sharks zone.
3:55 of 3rd period - Snap shot by Patrik Elias.
3:55 of 3rd period - Stopped by Mike Brodeur with a rebound.
3:57 of 3rd period - Minor Penalty to Mike Green for Roughing.
3:58 of 3rd period - David Legwand wins face-off versus Pavel Datsyuk in Sharks zone.
4:23 of 3rd period - Jay Bouwmeester is hit by Brad Richards and loses puck.
5:41 of 3rd period - Johan Franzen is hit by Jay Bouwmeester and loses puck.
5:53 of 3rd period - Brian Campbell is hit by Jason Allison and loses puck.
5:57 of 3rd period - Penalty to Mike Green is over, Mike Green is back on ice.
6:33 of 3rd period - Wrist shot by David Krejci.
6:33 of 3rd period - Stopped by Mike Brodeur with a rebound.
7:01 of 3rd period - Wrist shot by Keith Yandle.
7:01 of 3rd period - Deflect By Ryan Callahan.
7:01 of 3rd period - Stopped by Mike Brodeur with a rebound.
7:32 of 3rd period - Snap shot by Cal Clutterbuck.
7:32 of 3rd period - Stopped by Jaroslav Halak with a rebound.
8:12 of 3rd period - Snap shot by Alexander Radulov.
8:12 of 3rd period - Stopped by Jaroslav Halak with a rebound.
8:14 of 3rd period - Snap shot by Markus Naslund.
8:14 of 3rd period - Stopped by Jaroslav Halak with a rebound.
8:16 of 3rd period - Wrist shot by Alexander Radulov.
8:16 of 3rd period - Shot Hit the Post.
9:06 of 3rd period - Markus Naslund is hit by Brad Richards and loses puck.
9:38 of 3rd period - Carl Hagelin is hit by Brad Boyes and loses puck.
10:16 of 3rd period - Slapshot by Mark Giordano.
10:16 of 3rd period - Stopped by Mike Brodeur with a rebound.
10:39 of 3rd period - Minor Penalty to Keith Yandle for Hooking.
10:40 of 3rd period - Pavel Datsyuk wins face-off versus David Legwand in Capitals zone.
11:36 of 3rd period - Slapshot by Mike Green.
11:36 of 3rd period - Stopped by Jaroslav Halak with a rebound.
11:44 of 3rd period - Wrist shot by Mike Green.
11:44 of 3rd period - Shot Blocked by Marek Zidlicky.
11:46 of 3rd period - Wrist shot by Derek Boogaard.
11:46 of 3rd period - Goal by Derek Boogaard - Capitals : 1 - Sharks : 4.
11:47 of 3rd period - Antoine Vermette wins face-off versus Tyler Johnson in neutral zone.
13:21 of 3rd period - Wrist shot by Brad Boyes.
13:21 of 3rd period - Stopped by Jaroslav Halak without a rebound.
13:22 of 3rd period - David Legwand wins face-off versus Pavel Datsyuk in Capitals zone.
13:23 of 3rd period - Wrist shot by Brad Boyes.
13:23 of 3rd period - Shot Blocked by Pavel Datsyuk.
13:47 of 3rd period - Mike Green is hit by Patrik Elias and loses puck.
14:09 of 3rd period - Minor Penalty to Cal Clutterbuck for Roughing.
14:10 of 3rd period - Pavel Datsyuk wins face-off versus David Legwand in Sharks zone.
14:16 of 3rd period - Wrist shot by Thomas Vanek.
14:16 of 3rd period - Shot Blocked by Jay Bouwmeester.
14:22 of 3rd period - Backhand shot by Pavel Datsyuk.
14:22 of 3rd period - Shot Misses the Net.
14:24 of 3rd period - Slapshot by Mark Streit.
14:24 of 3rd period - Goal by Mark Streit - Capitals : 2 - Sharks : 4.
14:25 of 3rd period - David Legwand wins face-off versus Pavel Datsyuk in neutral zone.
14:30 of 3rd period - Slapshot by Mike Green.
14:30 of 3rd period - Shot Misses the Net.
14:32 of 3rd period - Snap shot by David Legwand.
14:32 of 3rd period - Goal by David Legwand - Capitals : 2 - Sharks : 5.
14:33 of 3rd period - Pavel Datsyuk wins face-off versus David Legwand in neutral zone.
15:06 of 3rd period - Slapshot by Brian Campbell.
15:06 of 3rd period - Stopped by Mike Brodeur without a rebound.
15:07 of 3rd period - Antoine Vermette wins face-off versus Brad Richards in Sharks zone.
15:12 of 3rd period - Slapshot by Steve McCarthy.
15:12 of 3rd period - Deflect By Antoine Vermette.
15:12 of 3rd period - Stopped by Jaroslav Halak with a rebound.
16:16 of 3rd period - Snap shot by Martin Erat.
16:16 of 3rd period - Shot Misses the Net.
16:18 of 3rd period - Slapshot by Michal Rozsival.
16:18 of 3rd period - Shot Misses the Net.
16:20 of 3rd period - Slapshot by Michal Rozsival.
16:20 of 3rd period - Deflect By Mikael Samuelsson.
16:20 of 3rd period - Stopped by Jaroslav Halak without a rebound.
16:21 of 3rd period - David Legwand wins face-off versus Pavel Datsyuk in Capitals zone.
16:46 of 3rd period - Patrik Elias is hit by Markus Naslund and loses puck.
16:51 of 3rd period - Wrist shot by Markus Naslund.
16:51 of 3rd period - Stopped by Jaroslav Halak with a rebound.
17:17 of 3rd period - Snap shot by Ryan Callahan.
17:17 of 3rd period - Shot Misses the Net.
17:19 of 3rd period - Wrist shot by Ryan Callahan.
17:19 of 3rd period - Stopped by Mike Brodeur with a rebound.
17:21 of 3rd period - Wrist shot by James Neal.
17:21 of 3rd period - Deflect By Ryan Callahan.
17:21 of 3rd period - Stopped by Mike Brodeur with a rebound.
17:23 of 3rd period - Slapshot by Ryan Callahan.
17:23 of 3rd period - Stopped by Mike Brodeur without a rebound.
17:24 of 3rd period - Pavel Datsyuk wins face-off versus David Legwand in Sharks zone.
17:51 of 3rd period - Brian Campbell is hit by Mike Green and loses puck.
17:56 of 3rd period - Slapshot by Antoine Vermette.
17:56 of 3rd period - Shot Blocked by Brian Campbell.
18:54 of 3rd period - Jakub Voracek is hit by Derek Boogaard and loses puck.
19:42 of 3rd period - Snap shot by David Krejci.
19:42 of 3rd period - Stopped by Mike Brodeur without a rebound.
19:43 of 3rd period - Antoine Vermette wins face-off versus Pavel Datsyuk in Sharks zone.
19:45 of 3rd period - Minor Penalty to Antoine Vermette for Hooking.
19:46 of 3rd period - Pavel Datsyuk wins face-off versus David Legwand in Sharks zone.
Goals for this period are 1 for Capitals vs 2 for Sharks.
Shots for this period are 14 for Capitals vs 11 for Sharks.